 Dungeon Crawl Stone Soup version 0.27.1-2-g3b301248ec (webtiles) character file.

Game seed: 9441243612081361389

84 speeev33 the Skirmisher (level 4, 0/29 HPs)
             Began as a Gargoyle Fighter on Oct 1, 2021.
             Killed by divine providence
             ... invoked by an orc priest
              (14 damage)
             ... on level 4 of the Dungeon.
             The game lasted 00:02:49 (2902 turns).

speeev33 the Skirmisher (Gargoyle Fighter)          Turns: 2902, Time: 00:02:51

Health: 0/29       AC: 13    Str: 21    XL:     4   Next: 46%
Magic:  4/4        EV:  5    Int:  8    God:
Gold:   100        SH:  9    Dex:  9    Spells: 3/3 levels left

rFire    . . .     SeeInvis .   a - +1 flail
rCold    . . .     Faith    .   c - +0 kite shield
rNeg     + . .     Spirit   .   e - +0 chain mail
rPois    ∞         Reflect  .   (no helmet)
rElec    +         Harm     .   (no cloak)
rCorr    .         Rampage  .   (no gloves)
Will     .....                  (no boots)
Stlth    ..........             (no amulet)
HPRegen  0.09/turn              (no ring)
MPRegen  0.09/turn              (no ring)

@: no status effects
A: sickness immunity, AC +3, negative energy resistance 1, electricity
resistance, torment resistance 1, petrification resistance
a: no special abilities


You were on level 4 of the Dungeon.
You visited 1 branch of the dungeon, and saw 4 of its levels.

You collected 100 gold pieces.

Inventory:

Hand Weapons
 a - a +1 flail (weapon)
Armour
 c - a +0 kite shield (worn)
 e - a +0 chain mail (worn)
Scrolls
 h - a scroll of teleportation
Potions
 b - 2 potions of haste {unknown}
 d - a potion of might
 f - a potion of curing {unknown}
 g - a potion of ambrosia {unknown}
 i - a potion of mutation {unknown}
 j - a potion of degeneration {unknown}


   Skills:
 + Level 4.0 Fighting
 + Level 2.8 Maces & Flails
 + Level 3.9 Armour
 + Level 4.0 Shields


You had 3 spell levels left.
You didn't know any spells.
Your spell library was empty.

Dungeon Overview and Level Annotations

Branches:
Dungeon (4/15)
 Temple: D:4-7

Altars:

Shops:
D:2 (   D:3 *


Innate Abilities, Weirdness & Mutations

You are immune to sickness and miasma.
Your stone body is resilient. (AC +3)
You are immune to poison.
You resist negative energy. (rN+)
You are resistant to electric shocks. (rElec)
You are resistant to unholy torment.
You are immune to petrification.


Message History

You hit the giant cockroach.
The giant cockroach is heavily wounded.
You block the giant cockroach's attack.
You hit the giant cockroach.
The giant cockroach is severely wounded.
The giant cockroach bites you.
The giant cockroach bites you but does no damage.
You hit the giant cockroach.
You kill the giant cockroach!
No target in view!
HP restored.
k - a scroll labelled XAUTHRI ERAYBRE
As you read the scroll labelled XAUTHRI ERAYBRE, it crumbles to dust.
You hear a loud clanging noise!
It was a scroll of noise.
You hear a shout! x2; You hear an angry hiss.
An orc comes into view. It is wielding a +0 flail.
An orc comes into view. It is wielding a +0 short sword.
An orc priest comes into view. It is wielding a +0 dagger.
There are monsters nearby!
You barely miss the orc.
The orc priest shouts!
You closely miss the orc wizard.
The orc wizard hits you with a +0 dagger.
You closely miss the orc wizard.
The orc priest looks braver for a moment.
The orc wizard hits you but does no damage.
You sock the orc wizard!
The orc wizard is heavily wounded.
The orc hits you with a +0 flail.
The orc wizard hits you but does no damage.
You block the orc's attack.
You miss the orc wizard.
The orc wizard is heavily wounded.
The orc wizard gestures at you while chanting.
The magic dart hits you!
A quokka comes into view.
The orc priest mumbles some strange prayers to Beogh against you.
Beogh smites you!
You die... r.#.# #.... ##...## .....# ....+ #### .oo

### ....###'###+##...
......o@o........
.................
.................
.................
..........>......
#################........
#......#....#...#.....###
#......#....#...#.....#
#.[....#....#...#.....#


You could see an orc priest, an orc wizard, 2 orcs and a quokka (wandering).

Vanquished Creatures
  2 adders
  An adder skeleton (D:4)
  4 worms
  A dart slug (D:2)
  4 endoplasms
  5 giant cockroaches
  2 goblins
  9 hobgoblins
  3 kobolds
  A quokka (D:3)
  4 ball pythons
  2 bats
  7 frilled lizards
  2 rats
47 creatures vanquished.

Notes
Turn   | Place    | Note
-------+----------+-------------------------------------------
     0 | D:1      | speeev33 the Gargoyle Fighter began the quest for the Orb.
     0 | D:1      | Reached XP level 1. HP: 14/14 MP: 1/1
   118 | D:1      | Found a faded altar of an unknown god.
   436 | D:1      | Reached XP level 2. HP: 16/19 MP: 2/2
   840 | D:2      | Found Hohezuo's Weapon Shoppe.
  1360 | D:2      | Reached XP level 3. HP: 23/24 MP: 3/3
  2239 | D:3      | Found Alountis's General Store.
  2265 | D:3      | Reached XP level 4. HP: 28/29 MP: 4/4
  2902 | D:4      | Killed from afar by an orc priest

Illustrated notes

Levels and vault maps discovered:
D:1:      dpeg_arrival_fog, layout_basic, chequers_ecumenical_altar_island,
          hex_tiny
D:2:      layout_loops_corners, serial_glass, glass_columns_b, glass_columns_a,
          glass_columns_a, glass_columns_c, glass_columns_b, glass_columns_a,
          feat_on_display, item_on_display_a, feat_on_display,
          due_unseen_surprise, serial_shops, nicolae_shop_stone
D:3:      layout_basic, serial_shops, nicolae_shop_competitors_out_of_business
D:4:      layout_gridville, serial_glass, glass_columns_c, glass_columns_a,
          glass_columns_a

Skill      XL: |  1  2  3  4 |
---------------+-------------+-----
Fighting       | 4 |  4.0
Shields        | 4 |  4.0
Maces & Flails | |  2.8
Armour         | |  3.9

Action                   |  1- 3 |  4- 6 || total
-------------------------+-------+-------++-------
Melee: Flail             |   140 |    41 ||   181
  Use: Scroll            |     3 |     2 ||     5
Armor: Chain mail        |    86 |    28 ||   114
Dodge: Dodged            |    36 |    10 ||    46
Block: Kite shield       |    71 |    22 ||    93
